 Dungeon Crawl Stone Soup version 0.23.0 (webtiles) character file.

Game seed: 2101771190529254075

165634 Infinimo the Executioner (level 17, -1/165 HPs)
             Began as a Hill Orc Berserker on Feb 8, 2019.
             Was the Champion of Trog.
             Slain by an alligator snapping turtle (24 damage)
             ... on level 4 of the Shoals on Feb 9, 2019.
             The game lasted 01:01:04 (37827 turns).

Infinimo the Executioner (Hill Orc Berserker)      Turns: 37827, Time: 01:01:04

Health: -1/165     AC: 30    Str: 22    XL:     17   Next: 88%
Magic:  5/5        EV:  8    Int: 15    God:    Trog [******]
Gold:   242        SH:  5    Dex: 10    Spells: 16/16 levels left

rFire    + + .     SeeInvis .   T - +6 executioner's axe (antimagic)
rCold    + . .     Gourm    .   (shield currently unavailable)
rNeg     . . .     Faith    .   K - +4 plate armour {rF+}
rPois    +         Spirit   .   F - +2 helmet
rElec    +         Reflect  +   S - +0 cloak {MR+}
rCorr    .         Harm     .   f - +0 pair of gloves
MR       +++..                  i - +0 pair of boots {Fly}
Stlth    ..........             h - +5 amulet of reflection
HPRegen  0.37/turn              a - ring "Vifo Qor" {+Fly rElec rF+ Int+3}
MPRegen  0.09/turn              d - ring of the Morning {rPois rC+ MR+}

@: lethally poisoned (-1 -> -39), berserk cooldown, flying
A: no striking features
a: Berserk, Trog's Hand, Brothers in Arms, Renounce Religion, Stop Flying


You were on level 4 of the Shoals.
You worshipped Trog.
Trog was exalted by your worship.
You were not hungry.

You visited 4 branches of the dungeon, and saw 27 of its levels.
You also visited: Bailey, Gauntlet and Volcano.

You collected 4618 gold pieces.
You spent 4376 gold pieces at shops.

Inventory:

Hand Weapons
 T - a +6 antimagic executioner's axe (weapon)
Armour
 f - a +0 pair of gloves (worn)
 i - a +0 pair of boots of flying (worn)
 F - a +2 helmet (worn)
 K - a +4 plate armour of fire resistance (worn)
 S - a +0 cloak of magic resistance (worn)
Jewellery
 a - the ring "Vifo Qor" (left hand) {+Fly rElec rF+ Int+3}
   (You bought it in a shop on level 12 of the Dungeon)

   [ring of flight]

   It affects your intelligence (+3).
   It protects you from fire.
   It insulates you from electricity.
   It lets you fly.
 d - the ring of the Morning (right hand) {rPois rC+ MR+}
   (You bought it in a shop on level 2 of the Orcish Mines)

   [ring of protection from cold]

   It protects you from cold.
   It protects you from poison.
   It affects your resistance to hostile enchantments.
 g - the ring of Uzyopn {rPois MR+ MP+9 Str+3}
   (You found it in a Gauntlet)

   [ring of protection from magic]

   It affects your strength (+3).
   It protects you from poison.
   It affects your resistance to hostile enchantments.
   It affects your magic capacity (+9).
 h - a +5 amulet of reflection (around neck)
 l - the ring "Tuwn" {rN+ Str+6}
   (You took it off a minotaur in a Gauntlet)

   [ring of positive energy]

   It affects your strength (+6).
   It protects you from negative energy.
 E - the ring "Qaumatu" {rF+ MR++ Int+2}
   (You bought it in a shop on level 12 of the Dungeon)

   [ring of intelligence]

   It affects your intelligence (+2).
   It protects you from fire.
   It affects your resistance to hostile enchantments.
Wands
 y - a wand of acid (12)
 L - a wand of digging (4)
 R - a wand of disintegration (12)
Scrolls
 e - 8 scrolls of fear
 p - 15 scrolls of teleportation
 u - 9 scrolls of identify
 w - 9 scrolls of remove curse
 z - 6 scrolls of magic mapping
 A - a scroll of enchant weapon
 B - 3 scrolls of blinking
 G - a scroll of enchant armour
Potions
 b - 5 potions of berserk rage
 k - a potion of ambrosia
 m - 3 potions of lignification
 n - 7 potions of might
 o - 4 potions of resistance
 q - a potion of invisibility
 r - 6 potions of mutation
 s - 2 potions of heal wounds
 t - 4 potions of haste
 v - a potion of flight
 x - 2 potions of cancellation
 D - 7 potions of curing
 H - a potion of magic
 I - 3 potions of agility
 O - a potion of brilliance
 Q - 3 potions of degeneration
Comestibles
 c - 23 rations
 j - 9 chunks of flesh


   Skills:
 + Level 18.2 Fighting
 * Level 25.7 Axes
 + Level 16.8 Armour
 - Level 1.5 Dodging


You had 16 spell levels left.
You didn't know any spells.
Your spell library contained the following spells:

 Spells                   Type           Power        Failure   Level  Hunger
 Lesser Beckoning         Tloc           #.........   100%        3    ####...
 Portal Projectile        Hex/Tloc       #.....       100%        3    ####...
 Dispersal                Tloc           #.........   100%        6    #######
 Disjunction              Tloc           #.........   100%        8    #######


Dungeon Overview and Level Annotations

Branches:
Dungeon (15/15)            Temple (0/1) D:5            Lair (6/6) D:10
 Shoals (4/4) Lair:3       Spider (0/4) Lair:2        Slime (0/5) Lair:6
    Orc (2/2) D:11            Elf (0/3) Orc:2        Vaults (0/5) D:13
 Depths (0/5) D:15

Altars:
Ashenzari
Dithmenos
Elyvilon
Gozag
Makhleb
Nemelex Xobeh
Okawaru
Qazlal
Ru
Trog
Uskayaw
Wu Jian
Xom
Zin
Beogh
Jiyva

Shops:
D:12 =   D:14 (   Orc:2 *==[   Shoals:1 *   Shoals:2 [

Annotations:
D:14 exclusion: Roxanne, Roxanne
Lair:1 exclusion: 2 oklob plants


Message History

You hear a splash.
An alligator snapping turtle comes into view.
You feel yourself speed up.
The alligator snapping turtle hisses angrily.
A sea snake comes into view.
The sea snake hisses angrily.
The alligator snapping turtle bites you from afar!!
* * * LOW HITPOINT WARNING * * *
The sea snake bites you.
* * * LOW HITPOINT WARNING * * *
The alligator snapping turtle is lightly wounded.
The sea snake bites you.
* * * LOW HITPOINT WARNING * * *
You are lethally poisoned!
The sea snake poisons you!
The alligator snapping turtle is lightly wounded.
* * * LOW HITPOINT WARNING * * *
You feel very sick.
The alligator snapping turtle bites you!!
You die...

...≈≈≈≈≈≈≈#
...≈≈≈≈≈≈≈#
..≈≈≈≈≈≈≈≈#
≈≈≈≈≈≈≈≈≈≈#
≈≈≈≈≈≈≈≈≈≈≈≈#
≈≈≈≈≈≈≈≈≈≈≈≈≈#
≈≈≈≈≈≈≈≈≈≈≈≈≈≈#
≈≈≈≈≈≈≈≈≈≈≈≈S≈≈#
≈≈≈≈≈≈≈≈≈≈≈t@≈≈#
≈≈≈≈≈≈≈≈≈≈≈≈≈≈≈#
≈≈≈≈≈≈≈≈≈≈≈≈≈≈≈#
≈≈≈≈≈≈≈≈≈≈≈≈≈≈≈#
≈≈≈≈≈≈≈≈≈≈≈≈≈≈≈#
≈≈≈≈≈≈≈≈≈≈≈≈≈≈≈#
≈PP≈≈≈≈≈≈≈≈≈≈≈≈#
..≈≈≈≈≈≈≈≈≈≈≈≈≈#
.P.≈P≈≈≈≈≈≈≈≈≈≈#


You could see an alligator snapping turtle and a sea snake.

Vanquished Creatures
  The ghost of Forgol the Impaler, an adept MiFi of the Shining One (Shoals:1)
  A kraken (Shoals:1)
  Agnes (D:14)
  Louise (Shoals:1)
  2 stone giants
  Nessos (Lair:5)
  A minotaur (Gauntlet)
  A dire elephant (D:15)
  6 merfolk impalers
  3 merfolk javelineers
  An ettin (Orc:1)
  Snorg (D:13)
  The ghost of Zusoliwk the Archer, a journeyman CeHu of Okawaru (Lair:1)
  Josephine (Lair:4)
  4 ogre magi (Orc:2)
  Fannar (D:10)
  A great orb of eyes (Gauntlet)
  2 vault guards (D:13)
  Harold (D:8)
  2 merfolk avatars
  6 centaur warriors
  2 merfolk aquamancers (Shoals:4)
  24 two-headed ogres
  A hell hog (Gauntlet)
  A satyr (Shoals:3)
  A tengu warrior (D:15)
  2 orc high priests (Orc:1)
  A deep elf knight (D:14)
  A fire crab (Lair:6)
  10 sea snakes
  3 unseen horrors
  2 wizards
  22 harpies
  3 necromancers (D:13)
  5 orc knights
  4 fauns (Shoals:1)
  A wolf spider (D:15)
  12 ugly things
  5 spectral merfolk (Shoals:1)
  3 cyclopes
  8 manticores
  10 merfolk sirens
  14 elephants
  8 black mambas
  6 gargoyles
  9 water nymphs
  14 spiny frogs
  6 centaur skeletons
  A kobold demonologist (D:14)
  3 rime drakes
  An efreet (Volcano)
  11 komodo dragons
  26 merfolk
  4 polar bears (Lair:6)
  3 hornets
  A tengu conjurer (D:15)
  A polar bear (shapeshifter) (D:14)
  6 wind drakes
  5 trolls
  10 slime creatures
  A spectral manticore (Shoals:1)
  21 blink frogs
  10 hippogriffs
  13 dream sheep
  5 snapping turtles
  A shadow (D:15)
  A centaur simulacrum (D:15)
  A wyvern (Lair:6)
  7 wraiths
  31 yaks
  5 water elementals
  20 humans
  4 fire bats (Gauntlet)
  A fire elemental (Volcano)
  3 basilisks
  2 hogs (D:8)
  A steam dragon (Lair:4)
  A warg (Orc:2)
  3 hungry ghosts
  4 acid dragons
  A merfolk simulacrum (Shoals:1)
  2 hell hounds (Gauntlet)
  21 water moccasins
  5 porcupines
  27 orc warriors
  5 sky beasts
  4 black bears
  9 ice beasts
  3 phantoms
  A necrophage (D:8)
  38 ogres
  12 boggarts (D:14)
  A wind drake simulacrum (Shoals:1)
  26 centaurs
  24 crocodiles
  23 bullfrogs
  2 big kobolds
  A wyvern zombie (D:13)
  2 earth elementals (Volcano)
  6 scorpions
  12 killer bees
  2 snapping turtle simulacra (Shoals:1)
  A howler monkey (D:10)
  6 crimson imps
  2 centaur zombies
  5 quasits
  2 bullfrog zombies
  8 jellies
  6 bullfrog skeletons
  18 orc priests
  Crazy Yiuf (D:6)
  5 hounds
  21 orc wizards
  Jessica (D:3)
  7 iguanas
  12 worker ants
  A killer bee zombie (D:6)
  2 worker ant zombies (D:9)
  Robin (D:3)
  2 gnolls
  13 adders
  A shadow imp (D:7)
  An ooze (D:1)
  A worm (D:6)
  4 dart slugs
  9 leopard geckos
  85 orcs
  4 bats
  5 giant cockroaches
  14 hobgoblins
  11 jackals
  28 kobolds
  6 quokkas
  6 frilled lizards
  A giant cockroach zombie (D:5)
  22 goblins
  A jackal skeleton (D:5)
  A leopard gecko skeleton (D:9)
  12 rats
  5 fungi
  11 plants
  3 tentacles (Shoals:1)
996 creatures vanquished.

Vanquished Creatures (collateral kills)
  4 hydras
  2 spiny frogs (Lair:2)
  A komodo dragon (Lair:6)
  A yak (Lair:2)
  A basilisk (Lair:2)
  A water moccasin (Lair:2)
  A bullfrog (Lair:2)
11 creatures vanquished.

Vanquished Creatures (others)
  An orc wizard (D:8)
  A demonic plant (Gauntlet)
  39 fungi
  48 plants
  12 tentacles
101 creatures vanquished.

Grand Total: 1108 creatures vanquished

Notes
Turn   | Place    | Note
-------+----------+-------------------------------------------
     0 | D:1      | Infinimo the Hill Orc Berserker began the quest for the
                  | Orb.
     0 | D:1      | Reached XP level 1. HP: 19/19 MP: 1/1
   206 | D:1      | Reached XP level 2. HP: 10/27 MP: 2/2
   552 | D:1      | Reached XP level 3. HP: 31/33 MP: 3/3
   719 | D:1      | Found a shattered altar of Ashenzari.
  1017 | D:1      | Reached skill level 5 in Axes
  1082 | D:1      | Reached ** piety under Trog
  2017 | D:2      | Reached XP level 4. HP: 37/40 MP: 4/4
  2270 | D:2      | Found an ornate altar of the Wu Jian Council.
  2270 | D:2      | Found an iron altar of Okawaru.
  2471 | D:3      | Noticed Jessica
  2476 | D:3      | Killed Jessica
  2550 | D:3      | Noticed Robin
  2556 | D:3      | Reached XP level 5. HP: 47/47 MP: 5/5
  2560 | D:3      | Reached skill level 6 in Axes
  2563 | D:3      | Killed Robin
  2653 | D:3      | Reached *** piety under Trog
  3315 | D:3      | Found a shattered altar of Ashenzari.
  3839 | D:4      | Reached skill level 5 in Fighting
  3839 | D:4      | Reached XP level 6. HP: 56/56 MP: 6/6
  3951 | D:4      | Noticed a phantom
  3978 | D:4      | Killed a phantom
  3978 | D:4      | Reached skill level 7 in Axes
  4106 | D:4      | Found a bloodstained altar of Trog.
  4109 | D:4      | Found a stormy altar of Qazlal.
  4110 | D:4      | Found a burning altar of Makhleb.
  4111 | D:4      | Found a shadowy altar of Dithmenos.
  4115 | D:4      | Found an opulent altar of Gozag.
  4261 | D:5      | Entered Level 5 of the Dungeon
  4304 | D:5      | Noticed an ice beast
  4317 | D:5      | Killed an ice beast
  4317 | D:5      | Reached XP level 7. HP: 61/61 MP: 7/7
  4565 | D:5      | Reached skill level 8 in Axes
  4975 | D:5      | Reached skill level 5 in Armour
  5123 | D:5      | Reached **** piety under Trog
  5123 | D:5      | Reached skill level 9 in Axes
  5123 | D:5      | Reached XP level 8. HP: 57/71 MP: 8/8
  5433 | D:5      | Found a staircase to the Ecumenical Temple.
  5943 | D:6      | Reached skill level 10 in Axes
  6514 | D:6      | Noticed a +0 dagger
  6518 | D:6      | Noticed a +0 hand axe
  6524 | D:6      | Found a hide-covered altar of Uskayaw.
  6539 | D:6      | Reached XP level 9. HP: 79/79 MP: 9/9
  6713 | D:6      | Reached skill level 11 in Axes
  6822 | D:6      | Found a sparkling altar of Nemelex Xobeh.
  6822 | D:6      | Found a glowing silver altar of Zin.
  6950 | D:6      | Found a runed translucent door.
  6951 | D:6      | Noticed Crazy Yiuf
  6957 | D:6      | Killed Crazy Yiuf
  7460 | D:7      | Found a sacrificial altar of Ru.
  7483 | D:7      | Found a white marble altar of Elyvilon.
  7657 | D:7      | Reached skill level 12 in Axes
  8527 | D:8      | Noticed a two-headed ogre
  8539 | D:8      | Killed a two-headed ogre
  8539 | D:8      | Reached skill level 13 in Axes
  8539 | D:8      | Reached XP level 10. HP: 91/91 MP: 10/10
  8867 | D:8      | Reached ***** piety under Trog
  8895 | D:8      | Noticed Harold
  8952 | D:8      | Killed Harold
  9295 | D:8      | Reached skill level 14 in Axes
  9339 | D:8      | Reached skill level 10 in Fighting
  9585 | D:8      | Found a shimmering altar of Xom.
  9988 | D:9      | Paralysed by a hornet for 2 turns
 10403 | D:9      | Reached XP level 11. HP: 101/101 MP: 11/11
 10472 | D:9      | Received a gift from Trog
 10578 | D:9      | Noticed a two-headed ogre
 10590 | D:9      | Killed a two-headed ogre
 10590 | D:9      | Reached skill level 15 in Axes
 10901 | D:9      | Killed an unseen horror
 11538 | D:10     | Entered Level 10 of the Dungeon
 11566 | D:10     | Noticed a seven-headed hydra
 11567 | D:10     | Noticed a two-headed ogre
 11601 | D:10     | Killed a two-headed ogre
 11601 | D:10     | Reached skill level 10 in Armour
 11863 | D:10     | Noticed Fannar
 11876 | D:10     | Killed Fannar
 11876 | D:10     | Reached skill level 16 in Axes
 11917 | D:10     | Killed a seven-headed hydra
 12113 | D:10     | Found a staircase to the Lair.
 12360 | D:10     | Noticed a two-headed ogre
 12369 | D:10     | Killed a two-headed ogre
 12563 | D:11     | Received a gift from Trog
 12576 | D:11     | Reached XP level 12. HP: 111/111 MP: 4/12
 12628 | D:11     | Found a staircase to the Orcish Mines.
 12634 | D:11     | Noticed a two-headed ogre
 12643 | D:11     | Killed a two-headed ogre
 12786 | D:11     | Reached skill level 17 in Axes
 12892 | D:11     | Found a flagged portal.
 12900 | Bailey   | Entered a bailey
 14712 | D:12     | Noticed a two-headed ogre
 14718 | D:12     | Killed a two-headed ogre
 14878 | D:12     | Reached skill level 18 in Axes
 15071 | D:12     | Noticed an eight-headed hydra
 15075 | D:12     | Killed a nine-headed hydra
 15255 | D:12     | Found Ulepaem's Jewellery Shop.
 15259 | D:12     | Bought the ring "Vifo Qor" {+Fly rElec rF+ Int+3} for 492
                  | gold pieces
 15259 | D:12     | Bought the ring "Qaumatu" {rF+ MR++ Int+2} for 328 gold
                  | pieces
 15304 | D:12     | Noticed a two-headed ogre
 15321 | D:12     | Killed a two-headed ogre
 15475 | Lair:1   | Entered Level 1 of the Lair of Beasts
 15495 | Lair:1   | Reached XP level 13. HP: 106/119 MP: 4/13
 16469 | Lair:1   | Received a gift from Trog
 16473 | Lair:1   | Got a polished battleaxe {god gift}
 16474 | Lair:1   | Identified the +10 battleaxe of Pade {drain, rC++ Dex-2
                  | Stlth+} (Trog gifted it to you on level 1 of the Lair of
                  | Beasts)
 16900 | Lair:1   | Found a runed translucent door.
 16900 | Lair:1   | Noticed Zusoliwk's ghost (journeyman CeHu)
 17185 | Lair:1   | Killed Zusoliwk's ghost
 17185 | Lair:1   | Reached skill level 19 in Axes
 17338 | Lair:2   | Found a gate leading to a gauntlet.
 17411 | Gauntlet | Entered a Gauntlet
 17411 | Gauntlet | Found a transporter.
 17411 | Gauntlet | Found a transporter.
 17415 | Gauntlet | Found a transporter.
 17497 | Gauntlet | Got a heavily runed bone ring
 17647 | Gauntlet | Identified the ring of Uzyopn {rPois MR+ MP+9 Str+3} (You
                  | found it in a Gauntlet)
 17679 | Gauntlet | Found a transporter.
 17679 | Gauntlet | Found a transporter.
 17709 | Gauntlet | Found a transporter.
 17724 | Gauntlet | Identified the ring of the Hippo {rN+++ Str-4 Dex-4 Slay+3
                  | SInv}
 17900 | Gauntlet | Found a transporter.
 17903 | Gauntlet | Found a transporter.
 17911 | Gauntlet | Found a transporter.
 17913 | Gauntlet | Noticed a great orb of eyes
 17935 | Gauntlet | Killed a great orb of eyes
 18050 | Gauntlet | Found a transporter.
 18072 | Gauntlet | Identified the +3 ring mail "Heoske" {rF+}
 18072 | Gauntlet | Identified the ring "Tuwn" {rN+ Str+6}
 18072 | Gauntlet | Noticed a minotaur
 18079 | Gauntlet | Killed a minotaur
 18211 | Gauntlet | Identified the Disquisition on the Voyage
 18327 | Lair:2   | Found a hole to the Spider Nest.
 19178 | Lair:2   | Got a warped chain mail
 19189 | Lair:2   | Identified the +7 chain mail "Bicir" {Int+9} (You found it
                  | on level 2 of the Lair of Beasts)
 19789 | Lair:3   | Reached skill level 20 in Axes
 20014 | Lair:3   | Found a staircase to the Shoals.
 20327 | Lair:4   | Reached XP level 14. HP: 132/132 MP: 5/14
 20354 | Lair:4   | Found a dark tunnel.
 20436 | Volcano  | Entered a volcano
 20503 | Volcano  | Noticed a stone giant
 20509 | Volcano  | Killed a stone giant
 20947 | Lair:4   | Noticed Josephine
 20954 | Lair:4   | Killed Josephine
 22095 | Lair:5   | Noticed Nessos
 22102 | Lair:5   | Received a gift from Trog
 22108 | Lair:5   | Killed Nessos
 22385 | Lair:6   | Entered Level 6 of the Lair of Beasts
 22406 | Lair:6   | Reached skill level 21 in Axes
 23003 | Lair:6   | Reached skill level 15 in Fighting
 23634 | Lair:6   | Reached XP level 15. HP: 26/141 MP: 2/15
 24092 | Lair:6   | Found a staircase to the Slime Pits.
 24092 | Lair:6   | Found a viscous altar of Jiyva.
 24732 | Lair:6   | Reached skill level 22 in Axes
 25052 | Orc:1    | Entered Level 1 of the Orcish Mines
 25084 | Orc:1    | Found a transporter.
 25088 | Orc:1    | Found a transporter.
 25094 | Orc:1    | Found a roughly hewn altar of Beogh.
 25123 | Orc:1    | HP: 6/141 [two-headed ogre/+0 giant spiked club (20)]
 25125 | Orc:1    | Received a gift from Trog
 25458 | Orc:1    | Found a roughly hewn altar of Beogh.
 25753 | Orc:2    | Entered Level 2 of the Orcish Mines
 25864 | Orc:2    | Found a bloodstained altar of Trog.
 25864 | Orc:2    | Found a staircase to the Elven Halls.
 27510 | Orc:2    | Found Beemopag's Antique Armour Boutique.
 27510 | Orc:2    | Found Deustruma's Jewellery Shoppe.
 27511 | Orc:2    | Found Zifo's Jewellery Shoppe.
 27511 | Orc:2    | Found Zeni's General Store.
 27518 | Orc:2    | Bought a glowing cloak for 187 gold pieces
 27518 | Orc:2    | Bought a pair of runed boots for 187 gold pieces
 27518 | Orc:2    | Bought a glowing plate armour for 650 gold pieces
 27577 | Orc:2    | Bought the ring of the Morning {rPois rC+ MR+} for 585 gold
                  | pieces
 27577 | Orc:2    | Bought a +5 amulet of reflection for 576 gold pieces
 27837 | Orc:1    | Reached ****** piety under Trog
 28255 | Orc:1    | Received a gift from Trog
 28751 | D:13     | Reached skill level 23 in Axes
 28880 | D:13     | Noticed Snorg
 28889 | D:13     | Killed Snorg
 29033 | D:13     | Reached skill level 15 in Armour
 29181 | D:13     | Reached XP level 16. HP: 131/152 MP: 5/16
 29555 | D:13     | Found a gate to the Vaults.
 29915 | D:13     | Received a gift from Trog
 30149 | D:14     | Noticed Agnes
 30164 | D:14     | Killed Agnes
 30587 | D:14     | Identified Roxanne's Catalogue of Transmutation
 30587 | D:14     | Noticed Roxanne
 30930 | D:14     | Found Xooq's Antique Weapon Emporium.
 31038 | D:14     | Received a gift from Trog
 31237 | D:15     | Entered Level 15 of the Dungeon
 31460 | D:15     | Found a staircase to the Depths.
 31462 | D:15     | Reached skill level 24 in Axes
 32412 | Shoals:1 | Entered Level 1 of the Shoals
 32424 | Shoals:1 | Found Huif's General Store.
 32461 | Shoals:1 | Bought a scroll of teleportation for 33 gold pieces
 32461 | Shoals:1 | Bought a potion of mutation for 88 gold pieces
 32962 | Shoals:1 | Noticed Louise
 32979 | Shoals:1 | Killed Louise
 32982 | Shoals:1 | Received a gift from Trog
 33129 | Shoals:1 | Found a runed translucent gate.
 33129 | Shoals:1 | Found a runed translucent gate.
 33129 | Shoals:1 | Found a runed translucent gate.
 33136 | Shoals:1 | Noticed Forgol's ghost (adept MiFi)
 33219 | Shoals:1 | Reached XP level 17. HP: 155/161 MP: 5/17
 33387 | Shoals:1 | Noticed a kraken
 33394 | Shoals:1 | Killed a kraken
 34147 | Shoals:1 | Killed Forgol's ghost
 34393 | Shoals:2 | Reached skill level 25 in Axes
 34411 | Shoals:2 | Found Uwupy's Antique Armour Boutique.
 34548 | Shoals:2 | Bought a shiny plate armour for 1196 gold pieces
 36956 | Shoals:3 | Received a gift from Trog
 37368 | Shoals:4 | Entered Level 4 of the Shoals
 37488 | Shoals:4 | Found Xibebb's General Store.
 37686 | Shoals:4 | Bought a scroll of teleportation for 54 gold pieces
 37762 | Shoals:4 | HP: 6/165 [satyr/arrow (22)]
 37827 | Shoals:4 | Slain by an alligator snapping turtle

Skill      XL: |  1  2  3  4  5  6  7  8  9 10 11 12 13 14 15 16 17 |
---------------+----------------------------------------------------+-----
Fighting       | 4 5 6 7 9 10 11 12 14 15 16 17 18 | 18.2
Axes           | 5 6 7 9 10 13 14 16 18 20 21 23 24 25 | 25.7
Armour         | 3 4 5 6 8 9 10 11 12 14 15 16 | 16.8
Dodging        | |  1.5

Action                   |  1- 3 |  4- 6 |  7- 9 | 10-12 | 13-15 | 16-18 || total
-------------------------+-------+-------+-------+-------+-------+-------++-------
Melee: Hand axe          |   110 |   143 |   447 |       |       |       ||   700
       War axe           |       |       |    18 |   187 |       |       ||   205
       Battleaxe         |       |       |       |   172 |     6 |       ||   178
       Executioner's axe |       |       |       |   249 |   968 |   771 ||  1988
Invok: Berserk           |     3 |     7 |    24 |    32 |    33 |    22 ||   121
       Brothers in Arms  |       |       |       |     2 |     3 |       ||     5
       Trog's Hand       |       |       |       |       |       |     1 ||     1
 Abil: Evoke Flight      |       |       |       |     1 |       |       ||     1
  Use: Scroll            |       |       |    15 |     9 |    13 |    11 ||    48
       Potion            |       |       |       |       |     4 |     1 ||     5
 Stab: Distracted        |       |       |       |       |     1 |       ||     1
  Eat: Chunk             |     3 |    12 |    26 |    46 |    57 |    32 ||   176
       Ration            |     1 |       |     5 |     2 |     5 |     6 ||    19
Armor: Animal skin       |     9 |       |       |       |       |       ||     9
       Scale mail        |       |    48 |    79 |       |       |       ||   127
       Chain mail        |       |       |    84 |       |    73 |       ||   157
       Plate armour      |       |       |    50 |   471 |   531 |   569 ||  1621
Dodge: Dodged            |    63 |    76 |   181 |   222 |   300 |   288 ||  1130
Block: Other             |       |       |       |       |    15 |   158 ||   173
       Reflection        |       |       |       |       |     1 |    12 ||    13
